 Dungeon Crawl Stone Soup version 0.18-a0-1312-gf98331d (webtiles) character file.

46 Reinor the Ducker (level 3, -6/19 HPs)
             Began as a Spriggan Abyssal Knight on Feb 14, 2016.
             Was a Follower of Lugonu.
             Mangled by a worm (8 damage)
             ... on level 2 of the Dungeon.
             The game lasted 00:05:07 (1942 turns).

Reinor the Ducker (Spriggan Abyssal Knight)         Turns: 1942, Time: 00:05:07

Health: -6/19      AC:  2    Str:  8    XL:     3   Next: 46%
Magic:  5/5        EV: 18    Int: 14    God:    Lugonu [*.....]
Gold:   100        SH:  5    Dex: 15    Spells: 0 memorised, 2 levels left

rFire  . . .     SeeInvis +     a - +1 short sword
rCold  . . .     Gourm    .     b - +0 robe
rNeg   . . .     Faith    .     o - +0 buckler
rPois  .         Spirit   .     (helmet restricted)
rElec  .         Dismiss  .     (no cloak)
rCorr  .         Reflect  .     (gloves unavailable)
SustAt .         Harm     .     (boots unavailable)
MR     .....                    (no amulet)
Stlth  ++........               (no ring)
                                (no ring)

@: very slightly contaminated, hasted, very quick, not resistant to hostile
enchantments, unstealthy
A: unfitting armour, see invisible, herbivore 3, speed 3, slow metabolism 2
a: Depart the Abyss, Renounce Religion


You were on level 2 of the Dungeon.
You worshipped Lugonu.
Lugonu was aware of your devotion.
You were not hungry.

You visited 1 branch of the dungeon, and saw 2 of its levels.
You visited the Abyss 1 time.

You collected 100 gold pieces.

Inventory:

Hand Weapons
 a - a +1 short sword (weapon)
Armour
 b - a +0 robe (worn)
 o - a +0 buckler (worn)
Scrolls
 j - a scroll of remove curse
 l - a scroll of random uselessness {unknown}
 m - a scroll of recharging {unknown}
 r - a scroll of fog {unknown}
Potions
 d - a potion of cure mutation
 f - a potion of mutation {unknown}
 g - a potion of magic {unknown}
 h - a potion of might {unknown}
 i - a potion of invisibility {unknown}
 k - 2 potions of agility {unknown}
 n - 2 potions of curing {unknown}
 p - a potion of lignification {unknown}
Comestibles
 c - 2 bread rations
 q - a slice of pizza


   Skills:
 - Level 2.7 Fighting
 + Level 2.9 Short Blades
 - Level 3.9 Dodging
 + Level 2.5 Stealth
 - Level 2.0 Invocations


You had 2 spell levels left.
You didn't know any spells.

Dungeon Overview and Level Annotations

Branches:
Dungeon (2/15)

Altars:


Innate Abilities, Weirdness & Mutations

You are tiny and cannot use many weapons and most armour.
You have supernaturally acute eyesight.
You are an herbivore.
You cover ground extremely quickly.
You need consume almost no food.


Message History

The worm bites you!
Ouch! That really hurt!
* * * LOW HITPOINT WARNING * * *
You are too injured to fight recklessly!
You are too injured to fight recklessly!
You are too injured to fight recklessly!
Drink which item? (? for menu, Esc to quit)
It was a potion of haste.
You feel yourself speed up.
You are very lightly contaminated with residual magic.
You hit the worm.
The worm is heavily wounded.
You hit the worm.
The worm is heavily wounded.
The worm completely misses you.
You hit the worm but do no damage.
The worm is heavily wounded.
You hit the worm.
The worm is heavily wounded.
The worm bites you!
You die...

........####...####
.......## ##.##
#.....## #.#
##...## #.# ##+##
#.#### #....#
......###.# #####.
#.# #. #@# #. #w#
#. #.# .. ..# ####


You could see a worm.

Vanquished Creatures
  An adder (D:2)
  An ooze (D:1)
  2 worms (D:2)
  A giant gecko (D:1)
  6 bats
  A giant cockroach (D:1)
  4 goblins
  3 hobgoblins
  A giant newt (D:1)
  5 kobolds
  A rat (D:1)
26 creatures vanquished.

Vanquished Creatures (others)
  7 bushes (Abyss:2)
7 creatures vanquished.

Grand Total: 33 creatures vanquished

Notes
Turn   | Place    | Note
--------------------------------------------------------------
     0 | Abyss:1  | Reinor the Spriggan Abyssal Knight began the quest for the Orb.
     0 | Abyss:1  | Reached XP level 1. HP: 11/11 MP: 3/3
    70 | Abyss:2  | Noticed a salamander
    92 | Abyss:2  | Noticed a tarantella
   105 | Abyss:2  | Noticed a large abomination
   112 | Abyss:2  | Noticed a raiju
   116 | Abyss:2  | Noticed a griffon
   116 | Abyss:2  | Noticed a raiju
   116 | Abyss:2  | Noticed a starcursed mass
   117 | D:1      | Escaped the Abyss
   389 | D:1      | Reached XP level 2. HP: 16/16 MP: 4/4
   491 | D:1      | Reached * piety under Lugonu
   502 | D:1      | Reached skill level 1 in Stealth
  1307 | D:2      | Reached XP level 3. HP: 16/19 MP: 5/5
  1942 | D:2      | Mangled by a worm

Vault maps used:
D:1:      evilmike_arrival_crescent
D:2:      lemuel_upstairs_altar, first_bread, minmay_door_square, uniq_iyjb
Abyss:2:  hangedman_abyss_theft

Action                   || total
-------------------------++-------
Melee: Short sword       ||   123
Invok: Depart the Abyss  ||     1
  Use: Scroll            ||     4
       Potion            ||     1
 Stab: Sleeping          ||     5
       Distracted        ||     1
